 Dungeon Sprint DCSS version 0.23.2-30-g0e89c35649 (webtiles) character file.

Game seed: 5558938943255998372

1833 Kobolds4U the Spry (level 8, -6/64 HPs)
             Began as a Minotaur Berserker on June 10, 2019.
             Was an Elder of Trog.
             Mangled by a demonic crawler (10 damage)
             ... in the Dungeon (Sprint I: "Red Sonja").
             The game lasted 00:02:49 (1314 turns).

Kobolds4U the Spry (Minotaur Berserker)             Turns: 1314, Time: 00:02:50

Health: -6/64      AC:  4    Str: 23    XL:     8   Next: 86%
Magic:  7/7        EV: 22    Int:  4    God:    Trog [****..]
Gold:   273        SH:  0    Dex: 11    Spells: 7/7 levels left

rFire    . . .     SeeInvis .   a - +0 falchion
rCold    . . .     Gourm    .   (no shield)
rNeg     . . .     Faith    .   k - +2 robe {Archmagi}
rPois    .         Spirit   .   (helmet restricted)
rElec    .         Reflect  .   (no cloak)
rCorr    .         Harm     .   (no gloves)
MR       .....     NoTele   +   (no boots)
Stlth    +.........             (no amulet)
HPRegen  0.20/turn              l - +1 ring of evasion
MPRegen  0.10/turn              (no ring)

@: no status effects
A: retaliatory headbutt, horns 2, blurry vision 1
a: Berserk, Trog's Hand, Brothers in Arms, Renounce Religion


You were in the Dungeon.
You worshipped Trog.
Trog was greatly pleased with you.
You were near starving.

You visited 1 branch You collected 405 gold pieces.
You spent 132 gold pieces at shops.

Inventory:

Hand Weapons
 a - a +0 falchion (weapon)
Armour
 k - a +2 robe of the Archmagi (worn)
Jewellery
 l - a +1 ring of evasion (left hand)
Scrolls
 i - a scroll of blinking
 m - a scroll of magic mapping {unknown}
Potions
 b - 2 potions of lignification
 d - 2 potions of curing
 e - a potion of heal wounds
 f - a potion of haste
 g - 2 potions of magic
 h - 2 potions of berserk rage
 n - a potion of agility


   Skills:
 - Level 3.6 Fighting
 + Level 13.7 Long Blades
 - Level 2.4 Armour
 * Level 16.7 Dodging


You had 7 spell levels left.
You didn't know any spells.
Your spell library was empty.

Dungeon Overview and Level Annotations

Branches:
Dungeon (1/1)

Altars:
Cheibriados
Dithmenos
Elyvilon
Fedhas
Gozag
Hepliaklqana
Kikubaaqudgha
Makhleb
Nemelex Xobeh
Okawaru
Qazlal
Ru
Sif Muna
Trog
Uskayaw
Vehumet
Wu Jian
Xom
Yredelemnul
Zin
The Shining One
Jiyva
Lugonu

Shops:
D !


Innate Abilities, Weirdness & Mutations

You reflexively headbutt those who attack you in melee.
You have a pair of horns on your head.
Scrolls take you a little longer to read.


Message History

The demonic crawler is moderately wounded.
The demonic crawler hits you but does no damage.
The demonic crawler closely misses you. The demonic crawler hits you.
* * * LOW HITPOINT WARNING * * *
The demonic crawler hits you but does no damage.
The demonic crawler hits you.
* * * LOW HITPOINT WARNING * * *
The demonic crawler hits you.
* * * LOW HITPOINT WARNING * * *
Things that are here:
a +0 dagger; a +0 robe The demonic crawler closely misses you. x2; The demonic crawler misses you.
The demonic crawler misses you.
You riposte.
You hit the demonic crawler.
Your headbutt misses the demonic crawler.
The demonic crawler is moderately wounded.
The demonic crawler barely misses you. The demonic crawler misses you.
There is an open door, spattered with blood here.
As you open the door, it creaks loudly! The demonic crawler hits you!
You die...

###############
['..#__#..')..#
.#..'..'..#)..##+# #
###'#__####...'..#ยง#
..#.#### #####s@'$#
.##.# #+#### '#_.+
..._# _.#'# #+#.# ###


You could see a demonic crawler.

Vanquished Creatures
  2 kobold demonologists (D)
  2 demonic crawlers (D)
  A slime creature (D)
  Sigmund (D)
  A yak (D)
  A floating eye (D)
  An ogre (D)
  A jelly (D)
  Ijyb (D)
11 creatures vanquished.

Vanquished Creatures (collateral kills)
  A demonic crawler (D)
1 creature vanquished.

Grand Total: 12 creatures vanquished

Notes
Turn   | Place    | Note
-------+----------+-------------------------------------------
     0 | D        | Kobolds4U the Minotaur Berserker began the quest for the
                  | Orb.
     0 | D        | Reached XP level 1. HP: 19/19 MP: 0/0
     1 | D        | Noticed Ijyb
    11 | D        | Killed Ijyb
    11 | D        | Reached skill level 5 in Long Blades
    11 | D        | Reached skill level 5 in Dodging
    11 | D        | Reached XP level 2. HP: 13/26 MP: 1/1
   170 | D        | Noticed an ogre
   173 | D        | Killed an ogre
   173 | D        | Reached skill level 8 in Dodging
   173 | D        | Reached XP level 3. HP: 31/31 MP: 2/2
   173 | D        | Reached XP level 4. HP: 39/39 MP: 3/3
   213 | D        | Noticed Sigmund
   227 | D        | Killed Sigmund
   227 | D        | Reached ** piety under Trog
   227 | D        | Reached skill level 11 in Dodging
   227 | D        | Reached XP level 5. HP: 32/45 MP: 4/4
   227 | D        | Reached XP level 6. HP: 36/51 MP: 5/5
   322 | D        | Found an ornate altar of the Wu Jian Council.
   322 | D        | Found a deep blue altar of Sif Muna.
   324 | D        | Found a radiant altar of Vehumet.
   390 | D        | Found Veimn's Distillery.
   390 | D        | Found an ancient bone altar of Kikubaaqudgha.
   390 | D        | Found a hazy altar of Hepliaklqana.
   390 | D        | Found a stormy altar of Qazlal.
   390 | D        | Found a hide-covered altar of Uskayaw.
   390 | D        | Found a blossoming altar of Fedhas.
   390 | D        | Found a bloodstained altar of Trog.
   390 | D        | Found an iron altar of Okawaru.
   390 | D        | Found a basalt altar of Yredelemnul.
   390 | D        | Found a glowing golden altar of the Shining One.
   390 | D        | Found a snail-covered altar of Cheibriados.
   390 | D        | Found a sacrificial altar of Ru.
   390 | D        | Found a glowing silver altar of Zin.
   390 | D        | Found a shadowy altar of Dithmenos.
   390 | D        | Found a white marble altar of Elyvilon.
   390 | D        | Noticed a yak
   391 | D        | Found an opulent altar of Gozag.
   395 | D        | Killed a yak
   395 | D        | Reached skill level 10 in Long Blades
   395 | D        | Reached skill level 12 in Dodging
   396 | D        | Found a sparkling altar of Nemelex Xobeh.
   400 | D        | Bought a potion of berserk rage for 55 gold pieces
   400 | D        | Bought a potion of lignification for 33 gold pieces
   400 | D        | Bought a potion of agility for 44 gold pieces
   449 | D        | Found a burning altar of Makhleb.
   449 | D        | Found a viscous altar of Jiyva.
   449 | D        | Found a shimmering altar of Xom.
   449 | D        | Found a corrupted altar of Lugonu.
   449 | D        | Noticed a slime creature
   463 | D        | Killed a slime creature
   463 | D        | Reached *** piety under Trog
   463 | D        | Reached skill level 13 in Dodging
   463 | D        | Reached XP level 7. HP: 8/57 MP: 6/6
   728 | D        | Noticed a kobold demonologist
   728 | D        | Noticed a kobold demonologist
   730 | D        | Paralysed by a floating eye for 4 turns
   731 | D        | Noticed an ice devil
   734 | D        | Noticed a soul eater
   734 | D        | Reached skill level 14 in Dodging
   736 | D        | Noticed a neqoxec
   739 | D        | Noticed a neqoxec
   741 | D        | Noticed an orange demon
   747 | D        | Killed a kobold demonologist
   748 | D        | Gained mutation: Scrolls take you a little longer to read.
                  | [a neqoxec]
   757 | D        | Killed a kobold demonologist
   757 | D        | Reached **** piety under Trog
   757 | D        | Reached skill level 15 in Dodging
   757 | D        | Reached XP level 8. HP: 15/64 MP: 7/7
  1001 | D        | Noticed a demonic crawler
  1001 | D        | Noticed a demonic crawler
  1001 | D        | Noticed a demonic crawler
  1001 | D        | Noticed a demonic crawler
  1005 | D        | Killed a demonic crawler
  1012 | D        | Killed a demonic crawler
  1012 | D        | Reached skill level 16 in Dodging
  1016 | D        | HP: 2/96 [demonic crawler (4)]
  1019 | D        | Killed a demonic crawler
  1308 | D        | HP: 2/64 [demonic crawler (2)]
  1314 | D        | Mangled by a demonic crawler

Skill      XL: |  1  2  3  4  5  6  7  8 |
---------------+-------------------------+-----
Long Blades    | 5 7 9 11 12 13 | 13.7
Dodging        | 5 8 11 13 15 16 | 16.7
Fighting       | |  3.6
Armour         | |  2.4

Action                   |  1- 3 |  4- 6 |  7- 9 || total
-------------------------+-------+-------+-------++-------
Melee: Falchion          |    11 |    33 |    47 ||    91
       Headbutt          |     1 |    10 |    10 ||    21
Invok: Berserk           |     1 |     1 |     1 ||     3
       Trog's Hand       |       |       |     2 ||     2
       Brothers in Arms  |       |       |     1 ||     1
  Eat: Ration            |       |       |     1 ||     1
Armor: Animal skin       |     2 |     1 |       ||     3
       Robe              |       |     3 |    11 ||    14
Dodge: Dodged            |     5 |    12 |    79 ||    96
       Rpst.: Falchion   |     1 |     3 |    15 ||    19
